SR
TULSA OTTERS @ QUEBEC CITY BABY BLUES
08/07/2037
 
TOP OF THE 1ST
Tulsa Otters batting - Pitching for Quebec City Baby Blues : RHP John Gordon
Pitching: RHP John Gordon
Batting: RHB John Juanda 0-0: Ball
1-0: Ball
2-0: Called Strike
2-1: Called Strike
2-2: Strikes out swinging
Batting: RHB Luis Gamboa 0-0: Swinging Strike
0-1: Ball
1-1: Ball
2-1: Ground out 4-3 (Groundball, 34, EV 103.1 MPH)
Batting: RHB Ramón Rodríguez 0-0: Called Strike
0-1: Ball
1-1: Foul Ball, location: 2F
1-2: Fly out, F2 (Popup, 23F, EV 91.2 MPH)
Top of the 1st over - 0 runs, 0 hits, 0 errors, 0 left on base; Tulsa 0 - Quebec City 0
BOTTOM OF THE 1ST
Quebec City Baby Blues batting - Pitching for Tulsa Otters : LHP Gerard Fyson
Pitching: LHP Gerard Fyson
Batting: RHB Juan Oleastro 0-0: Fly out, F2 (Popup, 2RF, EV 95.0 MPH)
Batting: RHB Kawenaula Alohalani 0-0: Foul Ball, location: 2F
0-1: Ball
1-1: Fly out, F3 (Popup, 3SF, EV 79.4 MPH)
Batting: RHB Doug Chapman 0-0: Ball
1-0: Foul Ball, location: 2F
1-1: Ball
2-1: Ball
3-1: Base on Balls
Batting: RHB José Bermúdez 0-0: Ball
Wild Pitch!
Doug Chapman to second
1-0: Foul Ball, location: 2F
1-1: Foul Ball, location: 2F
1-2: Ball
2-2: DOUBLE (Groundball, 5L, EV 95.6 MPH)
Doug Chapman scores
Batting: RHB José Ríos 0-0: Fly out, F9 (Line Drive, 9, EV 83.8 MPH)
Bottom of the 1st over - 1 run, 1 hit, 0 errors, 1 left on base; Tulsa 0 - Quebec City 1
TOP OF THE 2ND
Tulsa Otters batting - Pitching for Quebec City Baby Blues : RHP John Gordon
Batting: LHB Kevin Hancock 0-0: Called Strike
0-1: Reached on error, E9 (Flyball, 89S, EV 80.6 MPH)
Batting: RHB Júlio Abarco 0-0: Ball
1-0: SINGLE (Line Drive, 78M, EV 92.5 MPH)
Kevin Hancock to second
Batting: LHB Albert Porter 0-0: Called Strike
0-1: Ball
1-1: Grounds into double play, 5-4-3 (Groundball, 56, EV 82.5 MPH)
Kevin Hancock to third
Batting: RHB Alfredo Valdéz 0-0: Swinging Strike
0-1: Ball
1-1: Ball
2-1: Ball
3-1: Foul Ball, location: 2F
3-2: Strikes out swinging
Top of the 2nd over - 0 runs, 1 hit, 1 error, 1 left on base; Tulsa 0 - Quebec City 1
BOTTOM OF THE 2ND
Quebec City Baby Blues batting - Pitching for Tulsa Otters : LHP Gerard Fyson
Batting: RHB Mark Bakker 0-0: Ball
1-0: Swinging Strike
1-1: Called Strike
1-2: Strikes out swinging
Batting: RHB Avigdor Lieberman 0-0: Called Strike
0-1: Swinging Strike
0-2: Ball
1-2: DOUBLE (Flyball, 89D, EV 101.2 MPH)
Batting: RHB Ji-hyun Yi 0-0: Called Strike
0-1: Ball
1-1: Called Strike
1-2: Ball
2-2: Ball
3-2: SINGLE (Flyball, 78S, EV 91.2 MPH)
Avigdor Lieberman to third
Batting: RHB Jessie Gibbs 0-0: Called Strike
0-1: Ball
1-1: Ball
2-1: Foul Ball, location: 2F
2-2: Ball
Ji-hyun Yi is caught stealing 2nd base 2-4
3-2: Fly out, F8 (Flyball, 8LXD, EV 97.5 MPH)
Bottom of the 2nd over - 0 runs, 2 hits, 0 errors, 1 left on base; Tulsa 0 - Quebec City 1
TOP OF THE 3RD
Tulsa Otters batting - Pitching for Quebec City Baby Blues : RHP John Gordon
Batting: RHB Danny Hensley 0-0: Called Strike
0-1: Ball
1-1: Foul Ball, location: 2F
1-2: Foul Ball, location: 2F
1-2: Strikes out looking
Batting: RHB Pedro Santos 0-0: Ball
1-0: Ball
2-0: Foul Ball, location: 2F
2-1: Ground out 6-3 (Groundball, 6, EV 83.1 MPH)
Batting: RHB John Juanda 0-0: Called Strike
0-1: TRIPLE (Flyball, 89XD, EV 98.1 MPH)
Batting: RHB Luis Gamboa 0-0: Swinging Strike
0-1: Ball
1-1: Ground out 4-3 (Groundball, 4, EV 84.4 MPH)
Top of the 3rd over - 0 runs, 1 hit, 0 errors, 1 left on base; Tulsa 0 - Quebec City 1
BOTTOM OF THE 3RD
Quebec City Baby Blues batting - Pitching for Tulsa Otters : LHP Gerard Fyson
Batting: RHB Juan Oleastro 0-0: SINGLE (Groundball, 34D, EV 94.4 MPH)
Batting: RHB Kawenaula Alohalani 0-0: Ball
1-0: Ball
2-0: Called Strike
2-1: Fly out, F8 (Flyball, 8LD, EV 88.8 MPH)
Batting: RHB Doug Chapman 0-0: Called Strike
0-1: Ball
1-1: Swinging Strike
1-2: Ball
2-2: SINGLE (Line Drive, 8LS, EV 96.9 MPH)
Juan Oleastro to second
Batting: RHB José Bermúdez 0-0: Called Strike
0-1: DOUBLE (Line Drive, 8RXD, EV 102.5 MPH)
Juan Oleastro scores
Doug Chapman to third
Batting: RHB José Ríos 0-0: Ball
1-0: Ball
2-0: Foul Ball, location: 2F
2-1: Fly out, F8 (Flyball, 8LM, EV 79.4 MPH)
Batting: RHB Mark Bakker 0-0: Ball
1-0: Called Strike
1-1: Fly out, F8 (Line Drive, 8LM, EV 102.5 MPH)
Bottom of the 3rd over - 1 run, 3 hits, 0 errors, 2 left on base; Tulsa 0 - Quebec City 2
TOP OF THE 4TH
Tulsa Otters batting - Pitching for Quebec City Baby Blues : RHP John Gordon
Batting: RHB Ramón Rodríguez 0-0: Ball
1-0: Foul Ball, location: 2F
1-1: Foul Ball, location: 2F
1-2: SOLO HOME RUN (Flyball, 7D, EV 95.0 MPH), Distance : 385 ft
Batting: LHB Kevin Hancock 0-0: Foul Ball, location: 2F
0-1: Foul Ball, location: 2F
0-2: Ball
1-2: Strikes out swinging
Batting: RHB Júlio Abarco 0-0: Called Strike
0-1: Fly out, F9 (Line Drive, 9D, EV 90.6 MPH)
Batting: LHB Albert Porter 0-0: Ball
1-0: Called Strike
1-1: Called Strike
1-2: Fly out, F9 (Flyball, 9D, EV 107.5 MPH)
Top of the 4th over - 1 run, 1 hit, 0 errors, 0 left on base; Tulsa 1 - Quebec City 2
BOTTOM OF THE 4TH
Quebec City Baby Blues batting - Pitching for Tulsa Otters : LHP Gerard Fyson
Batting: RHB Avigdor Lieberman 0-0: Foul Ball, location: 2F
0-1: Ball
1-1: Ball
2-1: Fly out, F8 (Flyball, 8RS, EV 90.6 MPH)
Batting: RHB Ji-hyun Yi 0-0: Ball
1-0: Foul Ball, location: 2F
1-1: Foul Ball, location: 2F
1-2: Ball
2-2: Foul Ball, location: 2F
2-2: Strikes out swinging
Batting: RHB Jessie Gibbs 0-0: Called Strike
0-1: Ball
1-1: Foul Ball, location: 2F
1-2: Ball
2-2: Strikes out swinging
Bottom of the 4th over - 0 runs, 0 hits, 0 errors, 0 left on base; Tulsa 1 - Quebec City 2
TOP OF THE 5TH
Tulsa Otters batting - Pitching for Quebec City Baby Blues : RHP John Gordon
Batting: RHB Alfredo Valdéz 0-0: Ball
1-0: Ball
2-0: Foul Ball, location: 2F
2-1: Foul Ball, location: 2F
2-2: Foul Ball, location: 2F
2-2: Strikes out swinging
Batting: RHB Danny Hensley 0-0: Ball
1-0: Called Strike
1-1: Fly out, F6 (Flyball, 6MD, EV 84.4 MPH)
Batting: RHB Pedro Santos 0-0: Ball
1-0: Fly out, F7 (Line Drive, 8LM, EV 89.4 MPH)
Top of the 5th over - 0 runs, 0 hits, 0 errors, 0 left on base; Tulsa 1 - Quebec City 2
BOTTOM OF THE 5TH
Quebec City Baby Blues batting - Pitching for Tulsa Otters : LHP Gerard Fyson
Batting: RHB Juan Oleastro 0-0: Swinging Strike
0-1: Ball
1-1: Ball
2-1: Foul Ball, location: 2F
2-2: SINGLE (Line Drive, 8RS, EV 108.1 MPH)
Batting: RHB Kawenaula Alohalani 0-0: Ball
1-0: Foul Ball, location: 2F
1-1: Ball
2-1: Foul Ball, location: 2F
2-2: Fielders Choice at 2nd, 1-4 (Groundball, P, EV 89.4 MPH)
Batting: RHB Doug Chapman 0-0: Fielders Choice at 2nd, 5-4 (Groundball, 56, EV 88.1 MPH)
Batting: RHB José Bermúdez 0-0: Foul Ball, location: 2F
0-1: Fly out, F8 (Flyball, 8LD, EV 101.2 MPH)
Bottom of the 5th over - 0 runs, 1 hit, 0 errors, 1 left on base; Tulsa 1 - Quebec City 2
TOP OF THE 6TH
Tulsa Otters batting - Pitching for Quebec City Baby Blues : RHP John Gordon
Batting: RHB John Juanda 0-0: Foul Ball, location: 2F
0-1: Ball
1-1: Swinging Strike
1-2: Foul Ball, location: 2F
1-2: Ball
2-2: SINGLE (Groundball, 6MD, EV 101.2 MPH)
Batting: RHB Luis Gamboa 0-0: Ball
1-0: Foul Ball, location: 2F
1-1: Sac Bunt to 15 - play at first, batter OUT! 1-3
John Juanda to second
Batting: RHB Ramón Rodríguez 0-0: Foul Ball, location: 2F
0-1: Ball
1-1: Called Strike
1-2: Ball
2-2: Ball
3-2: Ground out 4-3 (Groundball, 4, EV 100.0 MPH)
John Juanda to third
Batting: LHB Kevin Hancock 0-0: Ball
1-0: Ground out 4-3 (Groundball, 34, EV 81.2 MPH)
Top of the 6th over - 0 runs, 1 hit, 0 errors, 1 left on base; Tulsa 1 - Quebec City 2
BOTTOM OF THE 6TH
Quebec City Baby Blues batting - Pitching for Tulsa Otters : LHP Gerard Fyson
Batting: RHB José Ríos 0-0: Fly out, F4 (Popup, 4, EV 75.0 MPH)
Batting: RHB Mark Bakker 0-0: Foul Ball, location: 2F
0-1: Swinging Strike
0-2: Foul Ball, location: 2F
0-2: SINGLE (Groundball, 6MD, EV 96.9 MPH)
Batting: RHB Avigdor Lieberman 0-0: Ball
1-0: Ball
Mark Bakker steals 2nd base
2-0: DOUBLE (Flyball, 78D, EV 108.8 MPH)
Mark Bakker scores
Batting: RHB Ji-hyun Yi 0-0: Called Strike
0-1: Ground out U3 (Groundball, 3, EV 88.1 MPH)
Avigdor Lieberman to third
Batting: RHB Jessie Gibbs 0-0: Called Strike
0-1: Foul Ball, location: 2F
0-2: Ball
1-2: Foul Ball, location: 2F
1-2: Foul Ball, location: 2F
1-2: Ground out 1-3 (Groundball, 15, EV 91.2 MPH)
Bottom of the 6th over - 1 run, 2 hits, 0 errors, 1 left on base; Tulsa 1 - Quebec City 3
TOP OF THE 7TH
Tulsa Otters batting - Pitching for Quebec City Baby Blues : RHP John Gordon
Batting: RHB Júlio Abarco 0-0: Called Strike
0-1: Ball
1-1: Ball
2-1: Foul Ball, location: 2F
2-2: Strikes out looking
Pitching: LHP Sylvain Richard
Batting: LHB Albert Porter 0-0: DOUBLE (Line Drive, 8LXD, EV 102.5 MPH)
Batting: RHB Alfredo Valdéz 0-0: Ball
1-0: Called Strike
1-1: Called Strike
1-2: Strikes out swinging
Batting: RHB Danny Hensley 0-0: Called Strike
0-1: Ball
1-1: Ball
2-1: SINGLE (Line Drive, 34D, EV 101.2 MPH)
Albert Porter to third
Runner from 3rd tries for Home, SAFE, throw by RF to home
Pinch Hitting: RHB Jorge Díaz 0-0: Ball
1-0: Foul Ball, location: 2F
1-1: Foul Ball, location: 2F
1-2: Strikes out looking
Top of the 7th over - 1 run, 2 hits, 0 errors, 1 left on base; Tulsa 2 - Quebec City 3
BOTTOM OF THE 7TH
Quebec City Baby Blues batting - Pitching for Tulsa Otters : LHP Gerard Fyson
Now in LF: John Montgomery
Batting: RHB Juan Oleastro 0-0: Ground out 4-3 (Groundball, 4D, EV 82.5 MPH)
Batting: RHB Kawenaula Alohalani 0-0: Called Strike
0-1: SINGLE (Flyball, 89S, EV 85.6 MPH)
Pitching: LHP Norberto Torrez
Batting: RHB Doug Chapman 0-0: Ball
1-0: Called Strike
1-1: Ball
2-1: Swinging Strike
2-2: Ball
3-2: Strikes out swinging
Batting: RHB José Bermúdez 0-0: Called Strike
0-1: Fly out, F7 (Flyball, 7LD, EV 100.0 MPH)
Bottom of the 7th over - 0 runs, 1 hit, 0 errors, 1 left on base; Tulsa 2 - Quebec City 3
TOP OF THE 8TH
Tulsa Otters batting - Pitching for Quebec City Baby Blues : LHP Sylvain Richard
Batting: RHB John Juanda 0-0: Ball
1-0: Foul Ball, location: 2F
1-1: Ball
2-1: Ground out 6-3 (Groundball, 6, EV 90.6 MPH)
Batting: RHB Luis Gamboa 0-0: Ball
1-0: Ball
2-0: Foul Ball, location: 2F
2-1: Foul Ball, location: 2F
2-2: Fly out, F7 (Flyball, 78S, EV 88.8 MPH)
Batting: RHB Ramón Rodríguez 0-0: Called Strike
0-1: Called Strike
0-2: Strikes out swinging
Top of the 8th over - 0 runs, 0 hits, 0 errors, 0 left on base; Tulsa 2 - Quebec City 3
BOTTOM OF THE 8TH
Quebec City Baby Blues batting - Pitching for Tulsa Otters : LHP Norberto Torrez
Batting: RHB José Ríos 0-0: Ball
1-0: Ground out 4-3 (Groundball, 4, EV 108.8 MPH)
Batting: RHB Mark Bakker 0-0: Ball
1-0: Ball
2-0: Foul Ball, location: 2F
2-1: Ball
3-1: SINGLE (Flyball, 78M, EV 87.5 MPH)
Batting: RHB Avigdor Lieberman 0-0: Ball
1-0: Swinging Strike
Passed Ball!
Mark Bakker to second
1-1: Foul Ball, location: 2F
1-2: Ground out 6-3 (Groundball, 6, EV 103.8 MPH)
Batting: RHB Ji-hyun Yi 0-0: Ball
1-0: Called Strike
1-1: DOUBLE (Flyball, 89XD, EV 109.4 MPH)
Mark Bakker scores
Batting: RHB Jessie Gibbs 0-0: Ground out 1-3 (Groundball, 34S, EV 88.8 MPH)
Bottom of the 8th over - 1 run, 2 hits, 0 errors, 1 left on base; Tulsa 2 - Quebec City 4
TOP OF THE 9TH
Tulsa Otters batting - Pitching for Quebec City Baby Blues : LHP Sylvain Richard
Pitching: LHP Mike Park
Batting: LHB Kevin Hancock 0-0: Fly out, F3 (Line Drive, 3, EV 76.2 MPH)
Batting: RHB Júlio Abarco 0-0: Fly out, F3 (Popup, 3L, EV 73.8 MPH)
Batting: LHB Albert Porter 0-0: Foul Ball, location: 2F
0-1: Called Strike
0-2: Foul Ball, location: 2F
0-2: Strikes out looking
Top of the 9th over - 0 runs, 0 hits, 0 errors, 0 left on base; Tulsa 2 - Quebec City 4
Thursday, January 23rd, 2020 - OOTP Baseball 20.8 Build 74